 Dungeon Crawl Stone Soup version 0.26-a0-519-gb2f46efeda (webtiles) character file.

Game seed: 2151850284187968838

10194 ANON1729 the Martial Artist (level 11, -18/72 HPs)
             Began as a Demonspawn Transmuter on Aug 10, 2020.
             Was an Elder of Jiyva.
             Demolished by a hell knight
             ... wielding a +1 glaive
              (26 damage)
             ... on level 12 of the Dungeon.
             The game lasted 00:47:33 (13790 turns).

ANON1729 the Martial Artist (DsTm)                 Turns: 13790, Time: 00:47:34

Health: -18/72     AC:  8    Str: 12    XL:     11   Next: 33%
Magic:  0/19       EV: 13    Int: 17    God:    Jiyva [****..]
Gold:   630        SH:  0    Dex: 15    Spells: 6/21 levels left

rFire    + . .     SeeInvis .     - Unarmed
rCold    + . .     Faith    .   (no shield)
rNeg     . . .     Spirit   +   o - +1 ring mail of Joiwy {Slay+3}
rPois    .         Reflect  .   (helmet restricted)
rElec    .         Harm     .   j - +0 cloak
rCorr    +         Rnd*Rage +   d - +0 pair of gloves
MR       .....                  (no boots)
Stlth    +.........             E - amulet of magic regeneration
HPRegen  0.22/turn              A - ring of protection from cold
MPRegen  0.57/turn              C - ring of protection from fire

@: very slightly contaminated, studying Unarmed Combat
A: antennae 2, talons 1, thin skeletal structure 1, berserk 1, frail 1, magic
shield, magic regeneration, magic link, rot immunity
a: Request Jelly, Slimify, Renounce Religion


You were on level 12 of the Dungeon.
You worshipped Jiyva.
Jiyva was greatly pleased with you.
You visited 2 branches of the dungeon, and saw 13 of its levels.
You also visited: Sewer.

You collected 630 gold pieces.

Inventory:

Armour
 d - a +0 pair of gloves (worn)
 j - a +0 cloak (worn)
 o - the +1 ring mail of Joiwy (worn) {Slay+3}
   (You found it on level 10 of the Dungeon)

   It affects your accuracy and damage with ranged weapons and melee attacks
   (+3).
 t - a +2 robe of resistance
Jewellery
 b - an uncursed amulet of faith {unknown}
 f - an uncursed ring of resist corrosion
 u - an uncursed ring of poison resistance
 A - a ring of protection from cold (left hand)
 C - a ring of protection from fire (right hand)
 E - an amulet of magic regeneration (around neck)
Wands
 w - a wand of polymorph (28)
Scrolls
 e - 3 scrolls of enchant weapon
 k - 4 scrolls of remove curse
 p - a scroll of identify
 B - a scroll of amnesia
Potions
 a - a potion of brilliance {unknown}
 c - a potion of resistance {unknown}
 g - a potion of cancellation {unknown}
 h - 3 potions of haste {unknown}
 i - 9 potions of curing
 l - 2 potions of magic {unknown}
 m - a potion of mutation {unknown}
 q - 6 potions of flight
 r - 4 potions of might
 v - 3 potions of stabbing {unknown}
 x - a potion of invisibility {unknown}
 G - a potion of lignification {unknown}
 I - a potion of degeneration {unknown}
Books
 F - a manual of Unarmed Combat


   Skills:
 + Level 6.0 Fighting
 + Level 5.7 Dodging
 * Level 9.9 Unarmed Combat
 + Level 5.9 Spellcasting
 * Level 7.5 Transmutations
 - Level 4.0 Ice Magic
 + Level 5.7 Poison Magic
 + Level 4.5 Evocations


You had 6 spell levels left.
You knew the following spells:

 Your Spells              Type           Power        Failure   Level
a - Beastly Appendage     Tmut           ####..       1%          1
b - Wereblood             Tmut           ####....     1%          2
c - Spider Form           Tmut/Pois      ####......   6%          3
d - Blade Hands           Tmut           ####......   36%         5
e - Ice Form              Ice/Tmut       ###.....     28%         4

Your spell library contained the following spells:

 Spells                   Type           Power        Failure   Level
 Foxfire                  Conj/Fire      #...         30%         1
 Conjure Flame            Conj/Fire      #.......     65%         3
 Inner Flame              Hex/Fire       #.......     65%         3
 Sticky Flame             Conj/Fire      #.......     96%         4
 Fireball                 Conj/Fire      #.........   100%        5


Dungeon Overview and Level Annotations

Branches:
Dungeon (12/15)            Temple (1/1) D:6            Lair (0/6) D:11
    Orc (0/2) D:11          Sewer (visited)

Altars:
Ashenzari
Cheibriados
Dithmenos
Elyvilon
Fedhas
Gozag
Hepliaklqana
Kikubaaqudgha
Makhleb
Nemelex Xobeh
Okawaru
Qazlal
Ru
Sif Muna
Trog
Uskayaw
Vehumet
Wu Jian
Xom
Yredelemnul
Zin
The Shining One
Jiyva

Shops:
D:5 (   D:8 *   D:12 (

Annotations:
D:12 1 runed translucent door, Semad's ghost, journeyman OpCj


Innate Abilities, Weirdness & Mutations

You have sharp toenails.
You have a somewhat thin skeletal structure. (Dex +2, Stealth)
When hurt, damage is shared between your health and your magic reserves.
You regenerate magic rapidly.
When low on magic, you restore magic in place of health.
You are immune to rotting.
You have a pair of antennae on your head.
You tend to lose your temper in combat.
You are frail. (-10% HP)


Message History

The blast of flame hits the hell hound.
The hell hound completely resists.
The blast of flame hits you! You resist.
* * * LOW HITPOINT WARNING * * *
The hell knight hits you with a +1 glaive!
* * * LOW HITPOINT WARNING * * *
The hell hound barely misses you.
Okay, then.
Okay, then.
Okay, then.
Okay, then.
Okay, then.
Evoke which item? (* to show all) (? for menu, Esc to quit)
Okay, then.
Okay, then.
Evoke which item? (* to show all) (? for menu, Esc to quit)
Okay, then.
As you read the scroll labeled LOTWOMA NUEME, it crumbles to dust.
You feel aware of your surroundings.
It was a scroll of magic mapping.
The hell knight hits you with a +1 glaive!!
You die...

### ***** **** ### #.## *,,,*
*,,** ##.###..##*,,,* *,,,**
#...##h..##,,,* **,,,*
#....#hh{h#{,,* **,,*
#.#..#h#4..h..#*****,,* ####
#.##.#@#h##.....,,,,,,* ...#
#.##.#.p..#,.#+#**,,*** ##.#
#.##.#.#..#**#+*,,,** #.#
#.##.#.#..#,,,,,,,*****
##.########.##.#.#?.#,,,,,,** *,,
............##.#.#..#,,,,,** **,,
......#.###.##.#.#,,#,,,,*****,,≈
##.#....# #.##[#.#,,*,,,,***,,,,≈
#...#..###.##.#.#***,,,,+,,,,,,≈


You could see a hell knight (fast) and 4 hell hounds.

Vanquished Creatures
  A centaur warrior (D:12)
  Nergalle (D:11)
  An unseen horror (D:11)
  An ugly thing (D:11)
  A manticore (D:11)
  2 centaur zombies
  Grinder (D:5)
  4 hippogriffs
  Sigmund (D:4)
  A shadow (D:11)
  9 yaks
  A wyvern (D:12)
  2 wraiths (D:8)
  Menkaure (D:6)
  A hornet zombie (D:7)
  2 sky beasts
  An ice beast (D:9)
  3 black bears
  An orc warrior (D:10)
  4 phantoms
  5 ogres
  A necrophage (D:9)
  3 centaurs
  8 bullfrogs
  A big kobold (D:9)
  A gnoll sergeant (D:6)
  A wyvern skeleton (D:6)
  3 scorpions
  6 killer bees (D:9)
  4 wights
  3 howler monkeys (D:12)
  A bullfrog zombie (D:7)
  4 human zombies (D:8)
  7 orc priests
  7 orc wizards
  2 iguanas
  A human skeleton (D:8)
  7 worker ants
  2 ogre zombies (D:8)
  A hound zombie (D:9)
  A hound skeleton (D:11)
  A mummy (D:8)
  3 worker ant zombies
  10 adders
  7 river rats
  4 shadow imps
  A white imp (D:6)
  An ufetubus (D:5)
  2 oozes (D:1)
  An adder skeleton (D:4)
  5 worms
  3 dart slugs
  7 leopard geckos
  29 orcs
  3 giant cockroaches
  6 goblins
  8 hobgoblins
  7 jackals
  29 kobolds
  6 quokkas
  6 ball pythons
  9 bats
  6 frilled lizards
  A jackal zombie (D:8)
  A leopard gecko skeleton (D:4)
  A quokka skeleton (D:5)
  22 rats
287 creatures vanquished.

Vanquished Creatures (others)
  A great orb of eyes (D:12)
  A slime creature (D:10)
  2 yaks (D:11)
  A black bear (D:7)
  A bullfrog (D:11)
  2 wights (D:7)
  A quasit (D:7)
  A hound (D:11)
  27 jellies
  2 worker ants
  An adder (D:8)
  A shadow imp (D:7)
  A white imp (D:7)
  A leopard gecko (D:7)
  3 orcs
  A giant cockroach (D:8)
  2 jackals (D:8)
  2 quokkas
51 creatures vanquished.

Grand Total: 338 creatures vanquished

Notes
Turn   | Place    | Note
-------+----------+-------------------------------------------
     0 | D:1      | ANON1729 the Demonspawn Transmuter began the quest for the
                  | Orb.
     0 | D:1      | Reached XP level 1. HP: 15/15 MP: 3/3
   902 | D:1      | Gained mutation: You have a somewhat thin skeletal
                  | structure. (Dex +2, Stealth) [demonic ancestry]
   902 | D:1      | Reached XP level 2. HP: 18/21 MP: 3/5
  1069 | D:1      | Reached skill level 3 in Unarmed Combat
  1225 | D:1      | Reached XP level 3. HP: 26/26 MP: 6/6
  1969 | D:2      | Learned a level 2 spell: Wereblood
  1973 | D:2      | Learned a level 3 spell: Spider Form
  2191 | D:2      | Reached XP level 4. HP: 27/33 MP: 5/7
  2643 | D:3      | Found a shimmering altar of Xom.
  2751 | D:3      | Found a glowing drain.
  2826 | Sewer    | Entered a sewer
  2926 | Sewer    | Gained mutation: When hurt, damage is shared between your
                  | health and your magic reserves. [demonic ancestry]
  2926 | Sewer    | Reached XP level 5. HP: 26/38 MP: 5/8
  3035 | Sewer    | Reached skill level 1 in Poison Magic
  3062 | Sewer    | HP: 1/38 [river rat (3)]
  3068 | Sewer    | HP: 1/38 [river rat (7)]
  4064 | D:3      | Found a snail-covered altar of Cheibriados.
  4271 | D:4      | Found a radiant altar of Vehumet.
  4290 | D:4      | Noticed Sigmund
  4321 | D:4      | Killed Sigmund
  4321 | D:4      | Reached skill level 4 in Unarmed Combat
  4321 | D:4      | Reached XP level 6. HP: 23/46 MP: 2/10
  4784 | D:4      | Found a burning altar of Makhleb.
  4880 | D:4      | Found an ornate altar of the Wu Jian Council.
  4918 | D:4      | Found a glowing golden altar of the Shining One.
  5005 | D:4      | Reached XP level 7. HP: 41/51 MP: 7/11
  5298 | D:5      | Entered Level 5 of the Dungeon
  5462 | D:5      | Noticed a hippogriff
  5480 | D:5      | Killed a hippogriff
  5480 | D:5      | Reached skill level 5 in Unarmed Combat
  5757 | D:4      | Learned a level 5 spell: Blade Hands
  5844 | D:4      | Gained mutation: You regenerate magic rapidly. [demonic
                  | ancestry]
  5844 | D:4      | Reached XP level 8. HP: 22/58 MP: 7/13
  6054 | D:5      | Found Siupu's Antique Weapon Shop.
  6545 | D:5      | Noticed Grinder
  6558 | D:5      | Paralysed by Grinder for 3 turns
  6562 | D:5      | Killed Grinder
  6776 | D:6      | Learned a level 4 spell: Ice Form
  7043 | D:6      | Found a staircase to the Ecumenical Temple.
  7049 | Temple   | Entered the Ecumenical Temple
  7053 | Temple   | Became a worshipper of Jiyva Juath the Shapeless
  7282 | D:6      | Noticed Menkaure
  7310 | D:7      | Reached skill level 1 in Evocations
  7383 | D:7      | Reached skill level 1 in Ice Magic
  7489 | D:6      | Killed Menkaure
  7489 | D:6      | Reached skill level 6 in Unarmed Combat
  7528 | D:6      | Found a shattered altar of Ashenzari.
  7683 | D:6      | Noticed a hippogriff
  7742 | D:6      | Killed a hippogriff
  7742 | D:6      | Gained mutation: You have sharp toenails. [demonic
                  | ancestry]
  7742 | D:6      | Reached XP level 9. HP: 35/65 MP: 1/15
  7744 | D:6      | Reached skill level 5 in Transmutations
  8272 | D:7      | Found a bloodstained altar of Trog.
  8337 | D:7      | Found an iron altar of Okawaru.
  8759 | D:8      | Reached * piety under Jiyva
  8797 | D:8      | Found a sacrificial altar of Ru.
  9108 | D:8      | Found a basalt altar of Yredelemnul.
  9155 | D:8      | Reached skill level 7 in Unarmed Combat
  9204 | D:8      | Reached ** piety under Jiyva
  9295 | D:8      | Found Wuimisateo's General Store.
  9524 | D:8      | Found a hide-covered altar of Uskayaw.
  9812 | D:9      | Found a sparkling altar of Nemelex Xobeh.
 10137 | D:9      | Reached skill level 5 in Spellcasting
 10160 | D:9      | Reached *** piety under Jiyva
 10175 | D:9      | Gained mutation: You have a pair of small antennae on your
                  | head. [Jiyva's grace]
 10337 | D:9      | Gained mutation: When low on magic, you restore magic in
                  | place of health. [demonic ancestry]
 10337 | D:9      | Reached XP level 10. HP: 73/73 MP: 14/17
 10399 | D:9      | Gained mutation: You are agile. (Dex +2) [Jiyva's grace]
 10399 | D:9      | Reached **** piety under Jiyva
 10634 | D:10     | Entered Level 10 of the Dungeon
 10661 | D:10     | Noticed a green ugly thing
 10663 | D:10     | Slimified a green ugly thing
 10663 | D:10     | a green ugly thing changed into a slime creature
 10713 | D:10     | Reached skill level 5 in Fighting
 10716 | D:10     | Reached skill level 5 in Dodging
 10716 | D:10     | Reached skill level 8 in Unarmed Combat
 11394 | D:10     | Got a bronze ring mail
 11845 | D:10     | Identified the +1 ring mail of Joiwy {Slay+3} (You found it
                  | on level 10 of the Dungeon)
 11929 | D:11     | Reached skill level 5 in Poison Magic
 11988 | D:11     | Found a staircase to the Lair.
 12092 | D:11     | Gained mutation: You are dopey. (Int -2) [mutagenic glow]
 12105 | D:11     | Lost mutation: You are agile. (Dex +2) [mutagenic glow]
 12117 | D:11     | Noticed a brown ugly thing
 12283 | D:11     | Slimified a brown ugly thing
 12283 | D:11     | Noticed an azure jelly
 12283 | D:11     | a brown ugly thing changed into an azure jelly
 12287 | D:11     | Noticed a manticore
 12290 | D:11     | Gained mutation: You are frail. (-10% HP) [mutagenic glow]
 12305 | D:11     | Killed a manticore
 12306 | D:11     | Gained mutation: You tend to lose your temper in combat.
                  | [mutagenic glow]
 12379 | D:11     | Lost mutation: You are dopey. (Int -2) [Jiyva's grace]
 12581 | D:11     | Reached skill level 9 in Unarmed Combat
 12644 | D:11     | Found a staircase to the Orcish Mines.
 12744 | D:11     | Noticed a white ugly thing
 12761 | D:11     | Killed an unseen horror
 12763 | D:11     | Killed a white ugly thing
 12772 | D:11     | Gained mutation: You are immune to rotting. [demonic
                  | ancestry]
 12772 | D:11     | Reached XP level 11. HP: 16/72 MP: 13/19
 12800 | D:11     | Noticed Nergalle
 12832 | D:11     | Killed Nergalle
 13048 | D:12     | Killed a great orb of eyes
 13097 | D:12     | Noticed a centaur warrior
 13122 | D:12     | Killed a centaur warrior
 13492 | D:12     | Found Likhliq's Antique Weapon Boutique.
 13588 | D:12     | Gained mutation: You have a pair of antennae on your head.
                  | [Jiyva's grace]
 13605 | D:12     | Noticed Semad's ghost (journeyman OpCj)
 13615 | D:12     | Found a runed translucent door.
 13618 | D:12     | Noticed a red ugly thing
 13625 | D:12     | Slimified a red ugly thing
 13625 | D:12     | Noticed an acid blob
 13625 | D:12     | a red ugly thing changed into an acid blob
 13783 | D:12     | Noticed a hell knight
 13790 | D:12     | Demolished by a hell knight

Illustrated notes

Levels and vault maps discovered:
D:1:      dpeg_chamrin_arrival_tetris, layout_loops_corners
D:2:      layout_basic
D:3:      layout_loops_ring, lemuel_doored_altar, old_standard_altar,
          portal_sewer_entry_b
D:4:      layout_loops_ring, old_standard_altar, vehumet_crystals,
          lemuel_round_altar, kennysheep_mini_moat, uniq_sigmund
D:5:      layout_loops_ring, serial_shops, nicolae_shop_statue_plus,
          uniq_grinder
D:6:      layout_cave_pools, kennysheep_mini, minmay_temple_entry_hall,
          minmay_manual_moon, uniq_menkaure
D:7:      layout_basic, okawaru_ov_weapons_minmay, trog_ov_bears_minmay
D:8:      layout_basic, lemuel_mausoleum_altar_yredelemnul,
          kennysheep_little_box, serial_shops, shop_statue,
          nicolae_ru_awakened_eye
D:9:      layout_gridville, nemelex_xobeh_ov_fountains_minmay
D:10:     layout_cross
D:11:     layout_basic, lair_entry_dummy, orc_0_dummy, uniq_nergalle
D:12:     mludivico_vault, layout_loops_ring, serial_shops, shop_statue,
          hellmonk_ghost_happy_afterlife
Temple:   pf_slimified_temple

Skill      XL: |  1  2  3  4  5  6  7  8  9 10 11 |
---------------+----------------------------------+-----
Transmutations | 2 3 4 6 7 |  7.5
Dodging        | 2 3 4 5 |  5.7
Unarmed Combat | 3 4 5 6 7 9 |  9.9
Fighting       | 2 3 4 5 6 |  6.0
Poison Magic   | 1 2 3 4 5 |  5.7
Spellcasting   | 3 4 5 |  5.9
Evocations     | 1 3 4 |  4.5
Ice Magic      | 1 2 3 4 |  4.0

Action                   |  1- 3 |  4- 6 |  7- 9 | 10-12 || total
-------------------------+-------+-------+-------+-------++-------
Melee: Unarmed           |   104 |   233 |   377 |   255 ||   969
       Kick              |    22 |    39 |    79 |    40 ||   180
       Headbutt          |    14 |    21 |    41 |       ||    76
       Punch             |     1 |     1 |     9 |     5 ||    16
 Cast: Beastly Appendage |    16 |    24 |    28 |    10 ||    78
       Wereblood         |       |     5 |       |       ||     5
       Spider Form       |       |     5 |    12 |     8 ||    25
       Blade Hands       |       |       |     4 |     5 ||     9
       Ice Form          |       |       |     3 |     4 ||     7
Invok: Slimify           |       |       |       |     4 ||     4
 Abil: End Transformatio |       |       |       |     2 ||     2
Evoke: Wand              |       |       |     9 |     8 ||    17
  Use: Potion            |       |     1 |       |     7 ||     8
       Scroll            |       |       |     6 |     7 ||    13
 Stab: Sleeping          |     4 |     1 |     5 |     1 ||    11
       Distracted        |       |       |       |     1 ||     1
Armor: Robe              |    24 |    62 |    59 |     5 ||   150
       Skin              |       |     2 |     8 |    19 ||    29
       Ring mail         |       |       |       |    41 ||    41
Dodge: Dodged            |    71 |   218 |   255 |   214 ||   758

Table legend: (Time is in decaauts)
 A = Elapsed time spent in this place.
 B = Non-inter-level travel time spent in this place.
 C = Inter-level travel time spent in this place.
 D = Time resting spent in this place.
 E = Time spent auto-exploring this place.
 F = Levels seen in this place.
 G = Mean time per level.
                   A        B        C        D        E       F      G
               +--------+--------+--------+--------+--------+-----+--------+
         Total |  13742 |  13423 |    319 |   4505 |   5958 |  14 |  981.6 |
       Dungeon |  12645 |  12346 |    299 |   4100 |   5598 |  12 | 1053.8 |
        Temple |    130 |    110 |     20 |     42 |     57 |   1 |  130.0 |
         Sewer |    966 |    966 |      0 |    363 |    302 |   1 |  966.0 |
               +--------+--------+--------+--------+--------+-----+--------+

Top non-repeatable levels by time:
     D:4: 1560 daAuts
    D:11: 1522 daAuts
     D:2: 1308 daAuts
     D:1: 1260 daAuts
     D:9: 1203 daAuts
     D:8: 1119 daAuts
     D:7: 968 daAuts
   Sewer: 966 daAuts
     D:5: 959 daAuts
     D:6: 817 daAuts
     D:3: 718 daAuts
    D:10: 687 daAuts
    D:12: 519 daAuts
  Temple: 130 daAuts
